 Dungeon Crawl Stone Soup version 0.22-a0-348-gd16d139 (webtiles) character file.

37 Santreim the Skirmisher (level 3, 0/36 HPs)
             Began as a Hill Orc Fighter on Apr 11, 2018.
             Succumbed to an adder's poison
             ... on level 2 of the Dungeon.
             The game lasted 00:04:44 (875 turns).

Santreim the Skirmisher (Hill Orc Fighter)           Turns: 875, Time: 00:04:45

Health: 0/36       AC:  6    Str: 27    XL:     3   Next: 39%
Magic:  3/3        EV:  7    Int: 10    God:
Gold:   14         SH: 10    Dex: 10    Spells: 2/2 levels left

rFire    . . .     SeeInvis .   a - +1 war axe
rCold    . . .     Gourm    .   c - +0 shield
rNeg     . . .     Faith    .   b - +0 scale mail
rPois    .         Spirit   .   (helmet restricted)
rElec    .         Reflect  .   (no cloak)
rCorr    .         Harm     .   (no gloves)
MR       .....                  (no boots)
Stlth    ..........             (no amulet)
HPRegen  0.12/turn              i - +3 ring of strength
MPRegen  0.08/turn              (no ring)

@: mighty, lethally poisoned (0 -> -4)
A: antennae 1, talons 1, clever 1, robust 1
a: no special abilities


You were on level 2 of the Dungeon.
You were not hungry.

You visited 1 branch of the dungeon, and saw 2 of its levels.

You collected 14 gold pieces.

Inventory:

Hand Weapons
 a - a +1 war axe (weapon)
 e - a +0 hunting sling
Armour
 b - a +0 scale mail (worn)
 c - a +0 shield (worn)
Jewellery
 i - a +3 ring of strength (left hand)
Comestibles
 f - 2 rations


   Skills:
 + Level 4.2 Fighting
 + Level 3.3 Axes
 + Level 3.6 Armour
 + Level 0.1 Dodging
 + Level 0.4 Stealth
 + Level 3.5 Shields


You had 2 spell levels left.
You didn't know any spells.

Dungeon Overview and Level Annotations

Branches:
Dungeon (2/15)

Altars:


Innate Abilities, Weirdness & Mutations

You have a pair of small antennae on your head.
You have sharp toenails.
Your mind is acute. (Int +2)
You are robust. (+10% HP)


Message History

You feel sick. You block the adder's attack.
The adder bites you but does no damage.
You feel extremely strange.
You feel stupid.
You feel robust.
Your toenails lengthen and sharpen.
A pair of antennae grows on your head! You block the adder's attack.
Your shield prevents you from hitting the adder.
You kill the adder!
Your Axes skill increases to level 3!
* * * LOW HITPOINT WARNING * * *
You feel sick.
You eat one of the 3 rations.
That ration really hit the spot!
* * * LOW HITPOINT WARNING * * *
You feel sick.
You see here a robe.
* * * LOW HITPOINT WARNING * * *
You feel sick.
There is a lethal amount of poison in your body!
There is a lethal amount of poison in your body!
You die...

*,*,,,,,*,* *,* #<..
*,*,,,#.#.#*****,****##..
*,*,*,..#..,,,,,,,,,,....
*,,,*,#.#.#**##*,***#####
*****,#.#.# *..,,,,,,,*
*,#.#.# *.#,#****,* *,#.#.#
*.#.# *,*
*,#.#.###.#.####*,###
*,#>@...........,,...
*,#.#..[†.#....,,,*##
********,##.....###########.
*,,,,,,,,#......'......[....
*,*******#......###########.
*,* #......# #. *,* #......#
*#+ *,* #.###### *,, *,* #.*
*,,


There were no monsters in sight!

Vanquished Creatures
  2 adders (D:2)
  A leopard gecko (D:2)
  A ball python (D:1)
  3 bats
  5 goblins
  A hobgoblin (D:1)
  3 kobolds
  2 rats (D:1)
18 creatures vanquished.

Vanquished Creatures (others)
  A goblin (D:2)
1 creature vanquished.

Grand Total: 19 creatures vanquished

Notes
Turn   | Place    | Note
-------+----------+-------------------------------------------
     0 | D:1      | Santreim the Hill Orc Fighter began the quest for the Orb.
     0 | D:1      | Reached XP level 1. HP: 19/19 MP: 1/1
   316 | D:1      | Reached skill level 4 in Fighting
   316 | D:1      | Reached XP level 2. HP: 22/27 MP: 2/2
   782 | D:2      | Gained mutation: Your mind is acute. (Int +2) [potion of mutation]
   782 | D:2      | Gained mutation: Your mind is very acute. (Int +4) [potion of mutation]
   849 | D:2      | Reached XP level 3. HP: 21/33 MP: 3/3
   868 | D:2      | Lost mutation: Your mind is very acute. (Int +4) [potion of mutation]
   868 | D:2      | Gained mutation: You are robust. (+10% HP) [potion of mutation]
   868 | D:2      | Gained mutation: You have sharp toenails. [potion of mutation]
   868 | D:2      | Gained mutation: You have a pair of small antennae on your head. [potion of mutation]
   873 | D:2      | HP: 1/36 [poisoned by an adder]
   875 | D:2      | Succumbed to an adder's poison

Vault maps used:
D:1:      ncdulo_smallfort, serial_forest, infiniplex_forest_clump_tiny,
          infiniplex_forest_clump_C, infiniplex_forest_3_way,
          infiniplex_forest_straight_2, infiniplex_forest_end_3, moated_statue
D:2:      grunt_qazlal_clouds, uniq_robin

Skill      XL: |  1  2  3 |
---------------+----------+-----
Fighting       | 4 |  4.2
Axes           | 3 |  3.3
Armour         | |  3.6
Dodging        | |  0.1
Stealth        | |  0.4
Shields        | |  3.5

Action                   || total
-------------------------++-------
Melee: War axe           ||    82
       Kick              ||     1
  Use: Scroll            ||     3
       Potion            ||     4
  Eat: Ration            ||     1
Armor: Scale mail        ||    41
Dodge: Dodged            ||    36
Block: Shield            ||    58

Table legend:
 A = Spawn XP
 B = Non-spawn XP
 C = Spawn XP percentage of total XP
 D = Spawn monster count
 E = Non-spawn monster count
 F = Spawn count percentage of total count
 G = Total turns spent on level
                    A         B        C        D         E        F      G
               +---------+---------+-------+---------+---------+-------+---------
         Total |       0 |      53 |   0.0 |       0 |      18 |   0.0 |   875
               +---------+---------+-------+---------+---------+-------+---------
           D:1 |       0 |      16 |   0.0 |       0 |      11 |   0.0 |   766
           D:2 |       0 |      37 |   0.0 |       0 |       7 |   0.0 |   109
               +---------+---------+-------+---------+---------+-------+---------
